 Dungeon Crawl Stone Soup version 0.25.1-2-g60ff931df9 (webtiles) character file.

Game seed: 7839451860905627440

548 lepoulpe303 the Magician (level 7, -7/36 HPs)
             Began as a Deep Elf Fire Elementalist on Oct 26, 2020.
             Killed by nerve-wracking pain
             ... invoked by a shadow imp
              (10 damage)
             ... on level 5 of the Dungeon on Oct 27, 2020.
             The game lasted 00:25:24 (5898 turns).

lepoulpe303 the Magician (DEFE)                     Turns: 5898, Time: 00:25:24

Health: -7/36      AC:  8    Str:  5    XL:     7   Next: 7%
Magic:  14/16      EV: 14    Int: 22    God:
Gold:   151        SH:  0    Dex: 15    Spells: 5/16 levels left

rFire    + . .     SeeInvis .   a - +0 dagger (vamp)
rCold    x . .     Gourm    .   (no shield)
rNeg     . . .     Faith    .   h - +0 robe
rPois    .         Spirit   .   (no helmet)
rElec    .         Reflect  .   (no cloak)
rCorr    .         Harm     .   k - +0 pair of gloves
MR       .....                  m - +0 pair of boots
Stlth    +++.......             (no amulet)
HPRegen  0.12/turn              u - ring of fire {rF+, rC-}
MPRegen  0.15/turn              t - +4 ring of protection

@: no status effects
A: no striking features
a: no special abilities


You were on level 5 of the Dungeon.
You were not hungry.

You visited 1 branch of the dungeon, and saw 5 of its levels.

You collected 151 gold pieces.

Inventory:

Hand Weapons
 a - a +0 vampiric dagger (weapon)
 b - a +0 short sword
Missiles
 w - 9 poisoned darts (quivered)
Armour
 h - a +0 robe (worn)
 k - a +0 pair of gloves (worn)
 m - a +0 pair of boots (worn)
 v - a +0 leather armour
Jewellery
 q - an uncursed ring of resist corrosion {unknown}
 t - a +4 ring of protection (right hand)
 u - a ring of fire (left hand) {rF+, rC-}
 x - a +4 ring of slaying {unknown}
 y - an uncursed amulet of magic regeneration {unknown}
 C - a cursed ring of teleportation {unknown}
Scrolls
 d - a scroll of immolation {unknown}
 f - a scroll of noise {unknown}
 g - 2 scrolls of fear
 j - 3 scrolls of teleportation {unknown}
 n - a scroll of magic mapping {unknown}
 s - 2 scrolls of random uselessness {unknown}
 z - a scroll of identify {unknown}
Potions
 c - 2 potions of flight {unknown}
 i - 2 potions of magic {unknown}
 l - a potion of lignification {unknown}
 o - 4 potions of curing {unknown}
 p - 2 potions of might {unknown}
 r - a potion of heal wounds {unknown}
 B - 4 potions of cancellation {unknown}
Comestibles
 e - 7 rations


   Skills:
 + Level 2.1 Short Blades
 + Level 3.7 Dodging
 + Level 3.9 Stealth
 * Level 5.3 Spellcasting
 * Level 4.0 Conjurations
 * Level 5.1 Fire Magic


You had 5 spell levels left.
You knew the following spells:

 Your Spells              Type           Power        Failure   Level  Hunger
a - Foxfire               Conj/Fire      ####         1%          1    None
b - Inner Flame           Hex/Fire       ####....     11%         3    ##.....
c - Conjure Flame         Conj/Fire      #####...     4%          3    ##.....
s - Sticky Flame          Conj/Fire      #####...     14%         4    ####...

Your spell library contained the following spells:

 Spells                   Type           Power        Failure   Level  Hunger
 Fireball                 Conj/Fire      #####.....   38%         5    #####..


Dungeon Overview and Level Annotations

Branches:
Dungeon (5/15)
 Temple: D:4-7

Altars:

Annotations:
D:3 Grinder
D:5 Dowan


Message History

The centaur shoots an arrow.
The arrow closely misses you.
The centaur shoots an arrow.
The arrow hits you but does no damage.
You now have 13/15 mp.
You feel a surge of power!
You conjure some foxfire!
The foxfire hits the centaur!
The centaur shoots an arrow.
The arrow hits you!
* * * LOW HITPOINT WARNING * * *
You take 8 damage, and have 1/32 hp.
MASSIVE DAMAGE!!
You now have 12/15 mp.
The foxfire hits the centaur. x2
You kill the centaur!
Your Short Blades skill increases to level 2!
Your Conjurations skill increases to level 4!
You have reached level 7!
You start resting.
The shadow imp is too close now for your liking.
You hit the shadow imp. The shadow imp gestures at you.
Pain shoots through your body!
You die...

.#### #..###.# ....#
#..###.# ###.# #......#
###.###.######
..รท.....# #.#.#####
....# ##### ..#.#
#...######## ....#
#...@...../. ....#
#...####.... .####
####5### # .## #......#
..# ### #.##.#.# ..#
#.......%#.# ..#
#.##(.#.##.#######
..#####.##..#.##.#.....#
......#.##......5#.....#


You could see a shadow imp.

Levels and vault maps discovered:
D:1:      shiori_arrival_oz, layout_rooms, hangedman_decor_slide_cut,
          minmay_small_reverse_x
D:2:      layout_loops_ring, minmay_pentomino_t4
D:3:      layout_loops_ring, minmay_misc_feat_roman, minmay_misc_feat_pillars,
          grunt_decor_one_mirror, uniq_grinder
D:4:      layout_basic
D:5:      layout_loops_cross, first_ration, uniq_duvessa

Notes
Turn   | Place    | Note
-------+----------+-------------------------------------------
     0 | D:1      | lepoulpe303 the Deep Elf Fire Elementalist began the quest
                  | for the Orb.
     0 | D:1      | Reached XP level 1. HP: 10/10 MP: 6/6
   150 | D:1      | Identified a +0 dagger
   150 | D:1      | Identified a +0 club
   154 | D:1      | Identified a +0 dagger
   163 | D:1      | Reached XP level 2. HP: 15/15 MP: 4/8
   352 | D:1      | Identified a +0 pair of gloves (You found it on level 1 of
                  | the Dungeon)
   368 | D:1      | Identified a +0 club
   493 | D:1      | Identified a +0 dagger
   648 | D:1      | Identified a +0 pair of boots (You found it on level 1 of
                  | the Dungeon)
   656 | D:2      | Identified a +0 club
   795 | D:2      | Reached XP level 3. HP: 19/19 MP: 7/9
   800 | D:2      | Learned a level 3 spell: Conjure Flame
   832 | D:2      | Reached skill level 2 in Conjurations
   846 | D:2      | Identified a +0 dagger
   847 | D:2      | Identified a +0 short sword
  1287 | D:2      | Identified a +0 mace
  1569 | D:2      | Reached skill level 4 in Fire Magic
  1799 | D:2      | Reached XP level 4. HP: 24/24 MP: 4/11
  2249 | D:3      | Identified 3 scrolls of fear
  2250 | D:3      | Identified 2 scrolls of remove curse
  2302 | D:3      | Reached skill level 3 in Dodging
  2302 | D:3      | Reached skill level 3 in Stealth
  2459 | D:3      | Identified a ring of fire (You found it on level 3 of the
                  | Dungeon)
  2460 | D:3      | Identified a ring of protection (You found it on level 2 of
                  | the Dungeon)
  2475 | D:3      | Identified a ring of attention (You found it on level 3 of
                  | the Dungeon)
  2522 | D:3      | Noticed Grinder
  2620 | D:3      | Identified a +0 club
  2669 | D:3      | Identified a +0 dagger
  2671 | D:3      | Identified a +0 flail
  2671 | D:3      | Identified a +0 leather armour
  2819 | D:3      | Reached skill level 1 in Short Blades
  2835 | D:3      | Reached skill level 4 in Spellcasting
  2945 | D:3      | Reached XP level 5. HP: 28/28 MP: 7/13
  2950 | D:3      | Learned a level 3 spell: Inner Flame
  3242 | D:4      | Noticed a sky beast
  3270 | D:4      | Killed a sky beast
  3270 | D:4      | Reached skill level 3 in Conjurations
  3749 | D:4      | Identified a +0 giant club
  3749 | D:4      | Noticed an ogre
  3765 | D:4      | HP: 7/28 [ogre/+0 giant club (17)]
  4055 | D:4      | Killed an ogre
  4055 | D:4      | Reached XP level 6. HP: 23/32 MP: 6/15
  4151 | D:4      | Learned a level 4 spell: Sticky Flame
  4308 | D:4      | Identified a +0 hand axe
  4308 | D:4      | Identified a +0 leather armour
  4570 | D:5      | Entered Level 5 of the Dungeon
  4865 | D:5      | Identified a +0 vampiric dagger
  4865 | D:5      | Identified a +0 robe
  4865 | D:5      | Identified a +0 trident
  4865 | D:5      | Identified a +0 chain mail
  4865 | D:5      | Identified a +0 leather armour
  4866 | D:5      | Identified a +0 mace
  4866 | D:5      | Identified a +0 leather armour
  4867 | D:5      | Identified a +0 shortbow
  5160 | D:5      | Reached skill level 5 in Spellcasting
  5160 | D:5      | Reached skill level 5 in Fire Magic
  5414 | D:5      | Identified a +0 hand axe
  5508 | D:5      | Identified a +0 shortbow
  5509 | D:5      | Identified a cursed -3 dagger
  5509 | D:5      | Identified a +0 robe
  5509 | D:5      | Noticed Dowan
  5537 | D:5      | HP: 8/32 [centaur/arrow (6)]
  5865 | D:5      | Identified a +0 robe
  5885 | D:5      | HP: 1/32 [centaur/arrow (8)]
  5886 | D:5      | Reached skill level 2 in Short Blades
  5886 | D:5      | Reached skill level 4 in Conjurations
  5886 | D:5      | Reached XP level 7. HP: 2/36 MP: 12/16
  5898 | D:5      | Killed from afar by a shadow imp

Table legend:
 A = Turns spent in this place as a percentage of turns spent in the entire game.
 B = Non-inter-level travel turns spent in this place as a percentage of non-inter-level travel turns spent in the entire game.
 C = Inter-level travel turns spent in this place as a percentage of turns spent in this place.
 D = Turns resting spent in this place as a percentage of non-inter-level travel turns spent in this place.
 E = Turns spent auto-exploring this place as a percentage of non-inter-level travel turns spent in this place.
 F = Non-inter-level travel turns spent in this place divided by the number of levels of this place that you've seen.
                   A       B       C       D       E      F
               +-------+-------+-------+-------+-------+----------------------
         Total | 100.0 | 100.0 |   6.3 |  22.5 |  52.8 | 1105.4
       Dungeon | 100.0 | 100.0 |   6.3 |  22.5 |  52.8 | 1105.4
               +-------+-------+-------+-------+-------+----------------------

Table legend:
 A = Kills in this place as a percentage of kills in entire the game.
 B = Kills by you in this place as a percentage of kills by you in the entire game.
 C = Kills by friends in this place as a percentage of kills by friends in the entire game.
 D = Other kills in this place as a percentage of other kills in the entire game.
 E = Experience gained in this place as a percentage of experience gained in the entire game.
 F = Experience gained in this place divided by the number of levels of this place that you have seen.
                   A       B       C       D       E      F
               +-------+-------+-------+-------+-------+----------------------
         Total | 100.0 | 100.0 |   N/A |   N/A | 100.0 | 156.6
       Dungeon | 100.0 | 100.0 |   N/A |   N/A | 100.0 | 156.6
               +-------+-------+-------+-------+-------+----------------------

Skill      XL: |  1  2  3  4  5  6 |
---------------+-------------------+-----
Conjurations   | 2 3 4 |  4.0
Fire Magic     | 4 5 |  5.1
Dodging        | 3 |  3.7
Stealth        | 3 |  3.9
Short Blades   | 1 2 |  2.1
Spellcasting   | 4 5 |  5.3

Action                   |  1- 3 |  4- 6 |  7- 9 || total
-------------------------+-------+-------+-------++-------
Melee: Dagger            |     6 |    76 |     1 ||    83
       Short sword       |       |     2 |       ||     2
Throw: Dart              |       |     2 |       ||     2
 Cast: Foxfire           |    76 |   124 |       ||   200
       Conjure Flame     |       |     6 |       ||     6
  Use: Scroll            |       |     3 |       ||     3
 Stab: Sleeping          |       |     2 |       ||     2
  Eat: Chunk             |     2 |     9 |       ||    11
       Ration            |       |     2 |       ||     2
Armor: Robe              |     9 |    58 |       ||    67
Dodge: Dodged            |    19 |   126 |       ||   145

Vanquished Creatures
  An ogre (D:4)
  A sky beast (D:4)
  A centaur (D:5)
  A bullfrog zombie (D:5)
  2 hounds
  A centaur skeleton (D:4)
  An orc wizard (D:5)
  A worker ant (D:5)
  A hound zombie (D:3)
  2 adders (D:2)
  5 worms
  2 dart slugs
  5 leopard geckos
  9 orcs
  4 giant cockroaches
  7 goblins
  7 hobgoblins
  9 jackals
  3 quokkas
  A ball python (D:2)
  5 bats
  4 frilled lizards
  5 kobolds
  3 rats
81 creatures vanquished.

Vanquished Creatures (others)
  254 foxfires
254 creatures vanquished.

Grand Total: 335 creatures vanquished
